 Dungeon Crawl Stone Soup version 0.28.0-62-gf88900778d (webtiles) character file.

Game seed: 13660401093221385690

111426 cbfl8 the Executioner (level 16, -9/157 HPs)
             Began as a Minotaur Berserker on Feb 25, 2023.
             Was the Champion of Trog.
             Mangled by Aizul (11 damage)
             ... on level 1 of the Snake Pit.
             The game lasted 00:39:42 (31917 turns).

cbfl8 the Executioner (Minotaur Berserker)         Turns: 31917, Time: 00:39:43

Health: -9/157     AC: 16    Str: 23    XL:     16   Next: 9%
Magic:  5/5        EV: 12    Int:  4    God:    Trog [******]
Gold:   2039       SH:  0    Dex: 17    Spells: 15/15 levels left

rFire   + . .      SeeInvis .   q - +0 executioner's axe (antimagic)
rCold   + . .      Faith    .   (shield currently unavailable)
rNeg    . . .      Spirit   .   F - +1 chain mail {rPois}
rPois   +          Reflect  .   (helmet restricted)
rElec   .          Harm     .   N - scarf {rC+ rF+}
rCorr   .          Rampage  .   z - +0 pair of gloves
Will    +....                   (no boots)
Stlth   ..........              Q - amulet of regeneration
HPRegen 1.16/turn               a - ring of poison resistance
MPRegen 0.09/turn               g - +4 ring of slaying

@: studying Maces & Flails
A: horns 2, retaliatory headbutt
a: Renounce Religion, Berserk, Trog's Hand, Brothers in Arms


You were on level 1 of the Snake Pit.
You worshipped Trog.
Trog was exalted by your worship.
You visited 5 branches of the dungeon, and saw 25 of its levels.
You also visited: Gauntlet.

You collected 2039 gold pieces.

Inventory:

Hand Weapons
 q - a +0 antimagic executioner's axe (weapon)
 w - a +2 battleaxe of flaming
Missiles
 h - 2 throwing nets (quivered)
Armour
 z - a +0 pair of gloves (worn)
 F - a +1 chain mail of poison resistance (worn)
 J - a +2 chain mail of cold resistance
 N - a scarf of resistance (worn)
Jewellery
 a - a ring of poison resistance (left hand)
 g - a +4 ring of slaying (right hand)
 u - a +6 ring of strength
 Q - an amulet of regeneration (around neck)
Wands
 m - a wand of digging (6)
 t - a wand of polymorph (7)
 y - a wand of paralysis (13)
 D - a wand of iceblast (13)
 G - a wand of mindburst (3)
 R - a wand of flame (9)
Scrolls
 b - a scroll of magic mapping
 c - 2 scrolls of fog
 d - 8 scrolls of noise
 i - 5 scrolls of teleportation
 l - 5 scrolls of immolation
 n - 3 scrolls of identify
 o - 4 scrolls of fear
 s - a scroll of brand weapon
 x - 5 scrolls of enchant weapon
Potions
 e - 4 potions of lignification
 f - 4 potions of haste
 j - 6 potions of flight
 k - a potion of attraction
 p - 5 potions of might
 r - 10 potions of curing
 v - a potion of cancellation
 A - 2 potions of resistance
 B - 2 potions of ambrosia
 E - a potion of invisibility
 H - a potion of heal wounds
 L - a potion of berserk rage
 P - 2 potions of mutation
Miscellaneous
 C - a phantom mirror
 I - a box of beasts
 K - a piece from Xom's chessboard (15/15)
 M - a condenser vane
 O - a phial of floods
 S - a box of beasts
 T - a condenser vane
 U - a phial of floods


   Skills:
 * Level 18.1 Fighting
 * Level 22.9 Axes
 - Level 0.1 Throwing
 * Level 16.9 Armour
 + Level 6.3 Dodging
 + Level 2.9 Stealth
 * Level 2.8 Evocations


You had 15 spell levels left.
You didn't know any spells.
Your spell library was empty.

Dungeon Overview and Level Annotations

Branches:
Dungeon (15/15)            Temple (0/1) D:6            Lair (6/6) D:11
 Shoals (0/4) Lair:2        Snake (1/4) Lair:3        Slime (0/5) Lair:6
    Orc (2/2) D:12            Elf (1/3) Orc:2        Vaults (0/5) D:14
 Depths (0/4) D:15        Gauntlet (visited)

Altars:
Cheibriados
Dithmenos
Hepliaklqana
Kikubaaqudgha
Makhleb
Nemelex Xobeh
Okawaru
Trog
Xom
Yredelemnul
The Shining One
Beogh
Jiyva

Shops:
D:2 ?   D:3 (   D:6 (   D:8 (   D:9 (*   D:10 ==*(   Snake:1 *[:

Annotations:
D:9 2 transporters, jjjjhere's ghost, novice DEFE
D:14 3 runed translucent doors, Pavegg's ghost, journeyman MiBe
Lair:2 exclusion: oklob plant
Snake:1 Aizul


Innate Abilities, Weirdness & Mutations

You have a pair of horns on your head.
You reflexively headbutt those who attack you in melee.


Message History

You slash the naga warrior! You headbutt the naga warrior.
The naga warrior is severely wounded.
You feel sick.
The naga warrior drinks a potion.
The naga warrior is healed!
The naga warrior constricts you.
You hit the naga warrior.
The naga warrior is severely wounded.
You feel sick. The naga warrior barely misses you. You furiously retaliate!
You headbutt the naga warrior! The naga warrior constricts you.
You slice the naga warrior!!
The naga warrior is almost dead.
You feel sick.
The naga warrior hits you with a +0 dire flail!
The naga warrior constricts you.
You slash the naga warrior!
You kill the naga warrior!
Trog accepts your kill.
Aizul coils herself and waves her upper body at you.
The bolt of poison hits you but does no damage.
You resist.
You feel sick.
You are no longer poisoned.
Aizul barely misses you. You furiously retaliate!
You headbutt Aizul!
Items here: $ ) ? [ †.
You hit Aizul.
Aizul's magic leaks into the air.
Aizul is lightly wounded.
Aizul hits you but does no damage. Aizul misses you.
You closely miss Aizul. Your headbutt misses Aizul.
Aizul is lightly wounded.
Aizul's magic is no longer disrupted.
Aizul barely misses you.
You hit Aizul.
Aizul's magic leaks into the air.
Aizul is lightly wounded.
Aizul casts a spell at you.
You fall asleep.
Aizul hits you!!!
You wake up.
* * * LOW HITPOINT WARNING * * *
You hit Aizul.
Aizul's magic leaks into the air.
Your headbutt misses Aizul.
Aizul is lightly wounded.
Aizul yawns, and then pretends she didn't.
Aizul hits you!
You die...

####### ##.....##
##.......##
#.........#
#.........#
####.........#
#S@..........#
#.##.........#
###.###........#
#.....##.......#
#...#...##......###
#....
....##.......####
#.....
.....##....#....#
#....#.
(#....#..)..###.#
#N.....
......#..##..†...


You could see Aizul (magic disrupted).

Vanquished Creatures
  Frances (D:13)
  Gastronok (D:11)
  An orc warlord (Orc:2)
  The ghost of jjjjhere the Covert, a journeyman DsBr of Uskayaw (Snake:1)
  Azrael (D:12)
  A minotaur (Gauntlet)
  3 boulder beetles
  2 vault guards (D:14)
  3 centaur warriors
  9 hydras
  Erolcha (D:11)
  A naga warrior (Snake:1)
  A death knight (D:15)
  4 anacondas (Snake:1)
  3 two-headed ogres
  2 catoblepae
  3 death yaks (Lair:5)
  3 dancing weapons (Elf:1)
  A vampire mage (D:15)
  A shock serpent (Snake:1)
  2 skeletal warriors (D:15)
  A storm dragon zombie (D:15)
  4 deep elf knights (Elf:1)
  A spark wasp zombie (D:15)
  3 wizards
  A deep elf archer (Elf:1)
  Pikel (D:8)
  9 deep elf pyromancers
  2 necromancers
  4 deep elf zephyrmancers (Elf:1)
  2 orc knights
  17 ugly things
  A mana viper (Snake:1)
  3 cyclopes
  A salamander (Snake:1)
  2 manticores
  An oklob plant (Gauntlet)
  An orc sorcerer (Orc:2)
  A merfolk siren (Lair:2)
  A stone giant skeleton (D:15)
  9 black mambas
  2 black mambas (shapeshifter)
  A molten gargoyle (Gauntlet)
  A frost giant skeleton (D:15)
  A torpor snail (Lair:2)
  3 gargoyles
  7 elephants
  13 cane toads
  An efreet (D:14)
  2 unseen horrors
  A yaktaur (D:14)
  2 freezing wraiths (D:15)
  9 komodo dragons
  A tengu conjurer (D:14)
  3 trolls
  2 merfolk (Lair:2)
  4 polar bears (Lair:6)
  6 slime creatures
  8 hornets
  19 blink frogs
  3 dream sheep (Lair:6)
  Grinder (D:5)
  A jumping spider (shapeshifter) (D:13)
  A water elemental (Elf:1)
  3 wraiths
  A wyvern (Lair:4)
  3 fire elementals (Elf:1)
  A hog (shapeshifter) (D:15)
  18 humans (D:14)
  3 steam dragons
  58 yaks
  2 basilisks
  23 spriggans
  8 vampire mosquitoes
  2 nagas (Snake:1)
  25 water moccasins
  6 wargs
  3 acid dragons
  5 hell hounds (D:12)
  An ice beast (D:6)
  14 orc warriors
  5 black bears
  2 necrophages
  5 ogres
  7 boggarts
  7 centaurs
  29 wolves
  4 kobold brigands
  13 bullfrogs
  A gnoll sergeant (D:13)
  5 scorpions
  2 earth elementals (Elf:1)
  A water moccasin skeleton (D:5)
  An elephant simulacrum (Lair:6)
  8 killer bees
  15 wights
  3 electric eels
  6 howler monkeys
  9 centaur zombies
  9 orc priests
  2 bullfrog skeletons
  2 hounds
  A jelly (D:5)
  A centaur skeleton (D:4)
  4 iguanas
  19 orc wizards
  Terence (D:2)
  A polar bear simulacrum (Lair:6)
  A wolf simulacrum (Lair:6)
  A hound skeleton (D:4)
  16 gnolls
  6 adders
  A river rat (Lair:1)
  An ufetubus (D:5)
  2 adder skeletons (D:4)
  A worm (D:2)
  A dart slug (D:4)
  45 orcs
  11 endoplasms
  A giant cockroach (D:2)
  7 hobgoblins
  7 jackals
  2 quokkas
  7 ball pythons
  6 bats
  4 frilled lizards
  5 goblins
  28 kobolds
  6 rats
  A butterfly (Lair:6)
701 creatures vanquished.

Vanquished Creatures (collateral kills)
  A skeletal warrior (D:15)
  3 deep elf archers (Elf:1)
  A deep elf zephyrmancer (Elf:1)
  A gnoll sergeant (D:5)
6 creatures vanquished.

Vanquished Creatures (others)
  A blink frog (Lair:2)
  A demonic plant (Gauntlet)
  25 fungi
  46 plants
  3 withered plants (D:15)
76 creatures vanquished.

Grand Total: 783 creatures vanquished

Notes
Turn   | Place    | Note
-------+----------+-------------------------------------------
     0 | D:1      | cbfl8 the Minotaur Berserker began the quest for the Orb.
     0 | D:1      | Reached XP level 1. HP: 19/19 MP: 0/0
   218 | D:1      | Reached skill level 4 in Axes
   237 | D:1      | Reached XP level 2. HP: 27/27 MP: 1/1
   783 | D:1      | Reached ** piety under Trog
   795 | D:1      | Reached XP level 3. HP: 31/33 MP: 2/2
   898 | D:2      | Found Kafie's Magic Scroll Shop.
   918 | D:2      | Noticed Terence
   926 | D:2      | Killed Terence
  1274 | D:2      | Reached XP level 4. HP: 35/41 MP: 3/3
  1411 | D:2      | Found a faded altar of an unknown god.
  1553 | D:2      | Reached skill level 5 in Fighting
  1756 | D:3      | Reached skill level 5 in Axes
  2346 | D:3      | Reached XP level 5. HP: 43/48 MP: 4/4
  2597 | D:3      | Found Otunk's Antique Weapon Shop.
  2871 | D:3      | Found a burning altar of Makhleb.
  2871 | D:3      | Noticed an Executioner
  2964 | D:3      | Reached *** piety under Trog
  3087 | D:4      | Noticed an ogre
  3097 | D:4      | Killed an ogre
  3098 | D:4      | Reached XP level 6. HP: 56/56 MP: 5/5
  3319 | D:4      | Found a hazy altar of Hepliaklqana.
  3393 | D:4      | Reached skill level 6 in Axes
  3733 | D:4      | Reached skill level 5 in Armour
  3761 | D:4      | Found a bloodstained altar of Trog.
  3817 | D:4      | Found a snail-covered altar of Cheibriados.
  3852 | D:4      | Reached XP level 7. HP: 61/61 MP: 6/6
  3857 | D:4      | Reached skill level 7 in Axes
  4212 | D:4      | Found a sparkling altar of Nemelex Xobeh.
  4360 | D:5      | Entered Level 5 of the Dungeon
  4524 | D:5      | Noticed Grinder
  4535 | D:5      | Killed Grinder
  4536 | D:5      | Reached skill level 8 in Axes
  4553 | D:5      | Reached XP level 8. HP: 15/71 MP: 7/7
  5621 | D:5      | Reached **** piety under Trog
  5627 | D:5      | Reached skill level 9 in Axes
  5629 | D:5      | Found a shimmering altar of Xom.
  5979 | D:6      | Found a staircase to the Ecumenical Temple.
  6234 | D:6      | Identified the +3 hunting sling "Ituopit" {freeze, *Corrode
                  | rF+++ rC+ Str+3}
  6274 | D:6      | Reached skill level 10 in Axes
  6354 | D:6      | Reached XP level 9. HP: 69/79 MP: 8/8
  6513 | D:6      | Found Bogaj's Antique Weapon Emporium.
  7495 | D:7      | Found a shadowy altar of Dithmenos.
  7738 | D:7      | Reached skill level 11 in Axes
  8435 | D:7      | Found a basalt altar of Yredelemnul.
  8820 | D:8      | Found Forug's Antique Weapon Emporium.
  8852 | D:8      | Noticed Pikel
  8859 | D:8      | Killed Pikel
  8860 | D:8      | Reached skill level 12 in Axes
  8939 | D:8      | Reached XP level 10. HP: 88/88 MP: 9/9
  9872 | D:9      | Found Deusier's Antique Weapon Shoppe.
  9979 | D:9      | Found an iron altar of Okawaru.
  9992 | D:9      | Noticed jjjjhere's ghost (novice DEFE)
  9994 | D:9      | Found a transporter.
  9995 | D:9      | Noticed a two-headed ogre
 10031 | D:9      | Found a transporter.
 10037 | D:9      | Noticed a two-headed ogre
 10040 | D:9      | Reached ***** piety under Trog
 10041 | D:9      | Reached skill level 13 in Axes
 10700 | D:9      | Found Paecy's Assorted Antiques.
 10749 | D:10     | Entered Level 10 of the Dungeon
 10798 | D:10     | Found Vetat's Jewellery Shop.
 10798 | D:10     | Found Lauluze's Weapon Shop.
 10798 | D:10     | Found Giynimu's Assorted Antiques.
 10807 | D:10     | Found Vedwax's Jewellery Shop.
 10882 | D:10     | Reached skill level 14 in Axes
 11210 | D:10     | Found a glowing golden altar of the Shining One.
 11218 | D:10     | Reached skill level 10 in Armour
 11224 | D:10     | Found an ancient bone altar of Kikubaaqudgha.
 11514 | D:11     | Found a staircase to the Lair.
 11517 | D:11     | Noticed Gastronok
 11531 | D:11     | Reached XP level 11. HP: 99/99 MP: 10/10
 11538 | D:11     | Killed Gastronok
 11539 | D:11     | Reached skill level 15 in Axes
 11697 | D:11     | Noticed a white ugly thing
 11701 | D:11     | Reached skill level 10 in Fighting
 11708 | D:11     | Killed a white ugly thing
 11758 | D:11     | Noticed a two-headed ogre
 11761 | D:11     | HP: 4/99 [something (7)]
 12528 | D:11     | Killed a two-headed ogre
 13329 | D:11     | Noticed Erolcha
 13336 | D:11     | Killed Erolcha
 13615 | D:12     | Noticed a green ugly thing
 13621 | D:12     | Killed a green ugly thing
 13645 | D:12     | Identified the +4 lajatang of the Dungeon {vamp, Dex+5}
 13742 | D:12     | Reached skill level 16 in Axes
 13759 | D:12     | Received a gift from Trog
 13764 | D:12     | Reached skill level 1 in Stealth
 13883 | D:12     | Found a staircase to the Orcish Mines.
 14220 | D:12     | Reached XP level 12. HP: 83/110 MP: 11/11
 14607 | D:12     | Reached skill level 5 in Dodging
 14725 | D:12     | Noticed Azrael
 14731 | D:12     | Killed Azrael
 15143 | D:13     | Reached skill level 17 in Axes
 15371 | D:13     | Noticed a centaur warrior
 15380 | D:13     | Killed a centaur warrior
 15963 | D:13     | Identified the +6 falchion "Esuiwu Simm" {vorpal, Dex+2}
 16250 | D:13     | Noticed Frances
 16261 | D:13     | Killed Frances
 16516 | D:13     | Noticed a centaur warrior
 16529 | D:13     | Killed a centaur warrior
 16997 | D:14     | Noticed a centaur warrior
 17005 | D:14     | Killed a centaur warrior
 17320 | D:14     | Reached skill level 18 in Axes
 17773 | D:14     | Noticed a two-headed ogre
 17777 | D:14     | Killed a two-headed ogre
 17973 | D:14     | Reached XP level 13. HP: 118/119 MP: 12/12
 18162 | D:14     | Found a gate to the Vaults.
 18458 | D:14     | Reached skill level 19 in Axes
 18946 | D:14     | Found a runed translucent gate.
 18946 | D:14     | Found a runed translucent gate.
 18946 | D:14     | Found a runed translucent gate.
 18946 | D:14     | Noticed a quicksilver ooze
 18948 | D:14     | Noticed a quicksilver ooze
 18948 | D:14     | Noticed Pavegg's ghost (journeyman MiBe)
 18948 | D:14     | Noticed a quicksilver ooze
 18951 | D:14     | Found a viscous altar of Jiyva.
 19320 | D:15     | Entered Level 15 of the Dungeon
 19976 | D:15     | Identified the +1 great sword of Equilibrium {flame, rCorr
                  | Int+6}
 20015 | D:15     | HP: 3/122 [storm dragon zombie (8)]
 20016 | D:15     | Found a staircase to the Depths.
 20556 | D:15     | Received a gift from Trog
 21212 | D:15     | Reached skill level 20 in Axes
 21477 | Lair:1   | Entered Level 1 of the Lair of Beasts
 21731 | Lair:1   | Reached XP level 14. HP: 133/133 MP: 13/13
 22673 | Lair:2   | Reached skill level 15 in Armour
 22735 | Lair:2   | Identified the +7 mace "Koat Wiu" {flame, Fly rElec rF+
                  | Dex-2}
 23103 | Lair:2   | Reached skill level 15 in Fighting
 23494 | Lair:2   | Found a staircase to the Shoals.
 23962 | Lair:3   | Found a staircase to the Snake Pit.
 24009 | Lair:3   | Found a gate leading to a gauntlet.
 24047 | Gauntlet | Entered a Gauntlet
 24047 | Gauntlet | Found a transporter.
 24047 | Gauntlet | Found a transporter.
 24075 | Gauntlet | Found a transporter.
 24079 | Gauntlet | Found a transporter.
 24087 | Gauntlet | Found a transporter.
 24091 | Gauntlet | Found a transporter.
 24102 | Gauntlet | Found a transporter.
 24116 | Gauntlet | Found a transporter.
 24130 | Gauntlet | Found a transporter.
 24134 | Gauntlet | Found a transporter.
 24142 | Gauntlet | Found a transporter.
 24146 | Gauntlet | Found a transporter.
 24323 | Gauntlet | Paralysed by a hornet for 2 turns
 24633 | Gauntlet | Identified the +9 scimitar of Oenomania {vorpal, rC+ rN+
                  | Will- SInv}
 24753 | Lair:3   | Reached skill level 21 in Axes
 26825 | Lair:5   | Identified the +7 halberd "Nis Koebamp" {vorpal, rElec}
                  | (Trog gifted it to you on level 5 of the Lair of Beasts)
 26825 | Lair:5   | Received a gift from Trog
 26884 | Lair:5   | Reached XP level 15. HP: 141/145 MP: 14/14
 26908 | Lair:5   | You fall into a shaft and drop 1 floor!
 26908 | Lair:6   | Entered Level 6 of the Lair of Beasts
 26943 | Lair:6   | Found a frozen archway.
 27696 | Lair:6   | Found a staircase to the Slime Pits.
 28024 | Lair:6   | Received a gift from Trog
 28646 | Lair:6   | Reached skill level 22 in Axes
 29245 | Orc:1    | Entered Level 1 of the Orcish Mines
 29434 | Orc:1    | You fall into a shaft and drop 1 floor!
 29434 | Orc:2    | Entered Level 2 of the Orcish Mines
 29450 | Orc:2    | Reached skill level 1 in Evocations
 29474 | Orc:2    | Noticed an orc warlord
 29489 | Orc:2    | Killed an orc warlord
 29497 | Orc:2    | Found a staircase to the Elven Halls.
 29498 | Orc:2    | Received a gift from Trog
 29566 | Elf:1    | Entered Level 1 of the Elven Halls
 29911 | Elf:1    | Reached ****** piety under Trog
 31439 | Snake:1  | Entered Level 1 of the Snake Pit
 31599 | Snake:1  | Found a runed translucent gate.
 31600 | Snake:1  | Found a runed translucent gate.
 31600 | Snake:1  | Found a runed translucent gate.
 31606 | Snake:1  | Noticed jjjjhere's ghost (journeyman DsBr)
 31630 | Snake:1  | Killed jjjjhere's ghost
 31631 | Snake:1  | Reached XP level 16. HP: 130/157 MP: 5/15
 31670 | Snake:1  | Found Vit Fun's Self-Improvement Boutique.
 31795 | Snake:1  | Identified the +5 rapier of Uncomfortable Rashes {vorpal,
                  | rPois Will- rCorr Str+7} (Trog gifted it to you on level 1
                  | of the Snake Pit)
 31795 | Snake:1  | Received a gift from Trog
 31886 | Snake:1  | Found Kupehoum's Armour Shoppe.
 31886 | Snake:1  | Found Idekoig's Assorted Antiques.
 31888 | Snake:1  | Noticed Aizul
 31916 | Snake:1  | HP: 1/157 [Aizul (54)]
 31917 | Snake:1  | Mangled by Aizul

Illustrated notes

Levels and vault maps discovered:
D:1:      doesnt_arrival_eight_statues, layout_loops_ring,
          hangedman_decor_growths, minmay_crystal_water
D:2:      layout_basic, basic_ecumenical_altar, serial_shops, shop_scrolls,
          uniq_terence
D:3:      layout_loops_ring, makhleb_altar_promises_db, serial_shops,
          nicolae_shop_crystal, kennysheep_pointless_box
D:4:      layout_rooms, general_overflow_altar,
          mainiacjoe_overflow_surrounded_room, mainiacjoe_overflow_paths,
          overflow_temple_1_default, minmay_vboxes
D:5:      layout_loops_ring, tgw_xom, serial_aquarium, aquarium_bridge_straight
          [aquarium_subvault_bridge, aquarium_subvault_wall,
          aquarium_subvault_bridge, aquarium_subvault_wall],
          aquarium_window_corridor_1, aquarium_window_fake,
          aquarium_window_fake, aquarium_view_2b, aquarium_pool_side,
          uniq_grinder
D:6:      layout_basic, minmay_temple_entry_water_ring, serial_shops, shop
D:7:      layout_loops_corners, lemuel_crystal_altar, yredelemnul_altar_generic,
          minivault_14, minmay_curled_crystal, minmay_manual_mess
D:8:      layout_gridville, serial_shops, shop, minmay_misc_feat_doors,
          columned_hall_lemuel, uniq_pikel
D:9:      layout_gridville, okawaru_metal_pillars_3, serial_shops, shop,
          nicolae_shop_overgrown_old_shop, nzn_ghost_randoct
D:10:     layout_basic, grunt_temple_overflow_open, nicolae_twisting_strands,
          grunt_ministairs_9, minmay_shop_grid_forest, dk_rats_in_the_wall
D:11:     layout_loops_ring, erik_lair_orcish_takeover, minmay_starry_boxes,
          uniq_erolcha, uniq_gastronok
D:12:     layout_basic, minmay_orc_entry_temple_small, uniq_azrael
D:13:     layout_long_grid, uniq_frances
D:14:     layout_loops_ring, grunt_vaults_entry_tiered, gammafunk_ghost_ooze,
          minmay_misc_feat_encased
D:15:     gammafunk_depths_entry_grave, layout_irregular_city,
          nicolae_benzene_ring
Lair:1:   statuecave_lemuel, layout_loops_ring, pond
Lair:2:   layout_chaotic_city, elwin_shoals_entry_rooms,
          chequers_serial_rivers_micro_b, grunt_megastairs_2
Lair:3:   layout_regular_city, minmay_snake_entry_six_corridors,
          gauntlet_entry_generic
Lair:4:   kb_forest_paths, layout_hall_layers
Lair:5:   layout_misc_corridors, serial_bayou_lake_a
Lair:6:   minmay_lair_end_enchanted_forest, layout_small_grid, slime_dummy,
          portal_ice_cave_entry_ice_simulacra, lemuel_fruit_fields
Snake:1:  layout_rooms, serial_shops, shop, ebering_ghost_rock_garden,
          nicolae_shop_self_help, minmay_shoptagon, uniq_aizul, uniq_nikola
Orc:1:    layout_caves, david_defended_altar_orc
Orc:2:    st_orc_pillars, layout_diamond_mine, serial_shops, shop
Elf:1:    layout_onion_city, evilmike_minifort

Skill      XL: |  1  2  3  4  5  6  7  8  9 10 11 12 13 14 15 |
---------------+----------------------------------------------+-----
Axes           | 4 5 6 8 10 12 14 16 18 20 21 22 | 22.9
Fighting       | 4 5 6 7 8 9 11 12 14 16 18 | 18.1
Armour         | 3 4 5 6 7 9 10 12 13 14 15 16 | 16.9
Dodging        | 3 4 5 6 |  6.3
Stealth        | 1 2 |  2.9
Evocations     | 2 |  2.8
Throwing       | |  0.1

Action                   |  1- 3 |  4- 6 |  7- 9 | 10-12 | 13-15 | 16-18 || total
-------------------------+-------+-------+-------+-------+-------+-------++-------
Melee: Hand axe          |    74 |    40 |       |       |       |       ||   114
       Headbutt          |     8 |    15 |    30 |    78 |   183 |     5 ||   319
       War axe           |       |    70 |   111 |       |       |       ||   181
       Battleaxe         |       |       |    82 |   378 |   624 |       ||  1084
       Executioner's axe |       |       |       |       |   207 |    35 ||   242
Throw: Throwing net      |       |       |       |       |     1 |       ||     1
Invok: Berserk           |     1 |     1 |     3 |     7 |    11 |       ||    23
       Trog's Hand       |       |       |       |     1 |     2 |       ||     3
       Brothers in Arms  |       |       |       |       |     2 |       ||     2
  Use: Scroll            |       |     5 |     6 |     7 |    19 |       ||    37
       Potion            |       |       |       |       |     4 |       ||     4
 Stab: Held in net/web   |       |       |       |       |     1 |       ||     1
       Petrified         |       |       |       |       |     4 |       ||     4
Armor: Scale mail        |    23 |     9 |       |       |       |       ||    32
       Animal skin       |     1 |       |       |       |       |       ||     1
       Chain mail        |       |    51 |   153 |   302 |   331 |    13 ||   850
Dodge: Dodged            |    39 |    60 |   119 |   212 |   393 |    20 ||   843
